Description

ZvT LBM vs 2-1-1 macro

Replay - JJAKJI v Solar - Habitation Station LE (Void)

Build Order

Get SALT Encoding   

  12  0:01  Drone  
  13  0:13  Overlord  
  13  0:17  Drone  
  14  0:31  Drone x2  
  14  0:35  Drone  
  17  0:51  Hatchery  
  17  0:54  Drone  
  17  0:57  Drone  
  18  1:04  Extractor  
  17  1:13  Spawning Pool  
  17  1:15  Drone  
  17  1:19  Drone  
  18  1:29  Drone  
  19  1:39  Overlord  
  19  1:59  Queen  
  19  2:00  Zergling x2  
  19  2:01  Zergling x2  
  23  2:02  Queen  
  23  2:03  Metabolic Boost  
  28  2:25  Zergling x2  
  31  2:38  Queen  
  31  2:43  Pneumatized Carapace  
  32  2:46  Overlord  
  36  3:08  Overlord  
  42  3:20  Overlord  
  43  3:31  Hatchery  
  43  3:49  Queen x2  
  54  4:03  Zergling x4  Reaction vs 2-1-1
  56  4:11  Evolution Chamber x2  
  56  4:14  Zergling x4  
  56  4:18  Zergling x2  
  56  4:19  Zergling x4  
  60  4:36  Zerg Ground Armor Level 1  
  60  4:38  Zerg Melee Weapons Level 1  
  60  4:42  Queen x2  
  66  4:51  Queen  
  78  5:23  Baneling Nest  
  80  5:35  Lair  
  80  5:36  Extractor  
  81  5:44  Extractor  
  82  5:50  Extractor x2, Hatchery  
  86  5:58  Extractor  
  86  6:03  Spore Crawler  
  91  6:40  Centrifical Hooks, Spire  
  97  6:50  Hatchery  
  97  6:53  Baneling x5  
  100  7:01  Zerg Ground Armor Level 2  
  100  7:06  Zerg Melee Weapons Level 2  
  109  7:15  Overseer  
  127  7:44  Baneling  
  127  7:45  Baneling  
  129  7:55  Hatchery  
  129  7:59  Mutalisk x3  
  129  8:00  Mutalisk x4  
  129  8:03  Mutalisk  
  143  8:10  Zerg Flyer Weapons Level 1  
  151  8:28  Mutalisk x2  
  151  8:31  Extractor  
  165  8:48  Queen  
  144  9:11  Overseer  
  152  9:26  Baneling x3  
  158  9:31  Overseer  
  171  9:53  Overseer  
  171  9:54  Hatchery  
  167  10:13  Zerg Flyer Armor Level 1  
  181  11:00  Hatchery  
  181  11:16  Infestation Pit  
Spawning Tool Build Advisor. Get it on Overwolf

Go to:

Details

  • Created by: Srilo
  • Published on: Jan 10, 2017
  • Modified on: Jan 10, 2017
  • Patch: 3.8.0
Show
View Real Time Build Order
Export as new Build Order

Comments (0)

There are no comments. Be the first!

Create an account to comment!